 Dungeon Crawl Stone Soup version 0.27.1-3-gb3d3a73c9e (webtiles) character file.

Game seed: 17932205730817623209

23 kotomi the Skirmisher (level 2, 0/24 HPs)
             Began as a Demonspawn Berserker on Oct 21, 2021.
             Was a Follower of Trog.
             Succumbed to an adder's poison
             ... on level 2 of the Dungeon.
             The game lasted 00:05:19 (708 turns).

kotomi the Skirmisher (Demonspawn Berserker)         Turns: 708, Time: 00:05:20

Health: 0/24       AC:  8    Str: 17    XL:     2   Next: 75%
Magic:  2/2        EV: 11    Int:  8    God:    Trog [*.....]
Gold:   45         SH:  0    Dex: 12    Spells: 1/1 levels left

rFire    . . .     SeeInvis .   a - +0 hand axe
rCold    . . .     Faith    .   (no shield)
rNeg     . . .     Spirit   .   f - +0 chain mail
rPois    .         Reflect  .   (no helmet)
rElec    .         Harm     .   (no cloak)
rCorr    .         Rampage  .   (no gloves)
Will     .....                  (no boots)
Stlth    ..........             (no amulet)
HPRegen  0.08/turn              b - +4 ring of evasion
MPRegen  0.16/turn              (no ring)

@: lethally poisoned (0 -> -9)
A: magic regeneration
a: Renounce Religion, Berserk


You were on level 2 of the Dungeon.
You worshipped Trog.
Trog was aware of your devotion.
You visited 1 branch of the dungeon, and saw 2 of its levels.

You collected 45 gold pieces.

Inventory:

Hand Weapons
 a - a +0 hand axe (weapon)
Armour
 f - a +0 chain mail (worn)
Jewellery
 b - a +4 ring of evasion (left hand)
Scrolls
 c - a scroll of teleportation
 d - a scroll of identify
Potions
 e - a potion of curing
 g - a potion of might {unknown}
 h - a potion of mutation {unknown}


   Skills:
 + Level 3.5 Fighting
 + Level 3.0 Axes
 + Level 1.9 Armour
 + Level 1.8 Dodging


You had one spell level left.
You didn't know any spells.
Your spell library was empty.

Dungeon Overview and Level Annotations

Branches:
Dungeon (2/15)

Altars:


Innate Abilities, Weirdness & Mutations

You regenerate magic rapidly.


Message History

Trog accepts your kill.
You feel sick.
You feel sick.
You see here an adder corpse.
Unknown command.
Found a stone staircase leading up.
You feel sick.
You feel sick.
You are no longer poisoned.
You open the door.
Found a glowing dagger.
There is an open door here.
You see here a +2 dagger of speed.
You open the door.
The adder hisses angrily.
There is an open door here.
The adder bites you but does no damage.
You barely miss the adder. The adder closely misses you.
You closely miss the adder. The adder barely misses you.
The adder bites you but does no damage.
You barely miss the adder. The adder bites you.
You miss the adder. The adder bites you but does no damage.
The adder bites you.
You are poisoned.
The adder poisons you!
You barely miss the adder.
* * * LOW HITPOINT WARNING * * *
You feel sick. The adder completely misses you.
Your chain mail prevents you from hitting the adder.
You feel sick. The adder barely misses you.
The adder bites you but does no damage.
You closely miss the adder.
You feel sick. The adder barely misses you.
You miss the adder.
* * * LOW HITPOINT WARNING * * *
You feel sick. The adder barely misses you. The adder bites you.
* * * LOW HITPOINT WARNING * * *
You are lethally poisoned!
The adder poisons you!
You hit the adder.
The adder is heavily wounded.
You die...

####.##. ........#
#....##. #.......
#.#####. #.......
#.# #.
#.......####.######
#................##
#...####.#.........
#.S.# #.#..†......
#.@.####.#.........
+...'..).'.........
#...####.#.........
#..... #.##........
#...##.#.##.#.####.
#...# #.##...# .
##### .....#.#
......<. ... ## ##


You could see an adder.

Vanquished Creatures
  An adder (D:2)
  A ball python (D:1)
  2 bats (D:1)
  2 endoplasms (D:1)
  A goblin (D:1)
  2 hobgoblins (D:1)
  2 kobolds (D:1)
  A rat (D:1)
12 creatures vanquished.

Notes
Turn   | Place    | Note
-------+----------+-------------------------------------------
     0 | D:1      | kotomi the Demonspawn Berserker began the quest for the
                  | Orb.
     0 | D:1      | Reached XP level 1. HP: 18/18 MP: 1/1
   446 | D:1      | Gained mutation: You regenerate magic rapidly. [demonic
                  | ancestry]
   446 | D:1      | Reached XP level 2. HP: 23/24 MP: 2/2
   708 | D:2      | Succumbed to an adder's poison

Illustrated notes

Levels and vault maps discovered:
D:1:      giann_wishing_wells, layout_basic, dk_noncrumbling_2
D:2:      layout_basic

Skill      XL: |  1  2 |
---------------+-------+-----
Axes           | 3 |  3.0
Fighting       | |  3.5
Armour         | |  1.9
Dodging        | |  1.8

Action                   || total
-------------------------++-------
Melee: Hand axe          ||    44
  Use: Scroll            ||     2
Armor: Chain mail        ||    23
Dodge: Dodged            ||    25
